 Dungeon Crawl Stone Soup version 0.30-a0-948-g4fa250aae5 (webtiles) character file.

Game seed: 16961785791038948058

78 Zonian the Ruffian (level 4, -1/27 HPs)
             Began as a Tengu Gladiator on Mar 26, 2023.
             Slain by Crazy Yiuf
             ... wielding a +4 quarterstaff of chaos
              (5 damage)
             ... on level 3 of the Dungeon.
             The game lasted 00:03:37 (2387 turns).

Zonian the Ruffian (Tengu Gladiator)                Turns: 2387, Time: 00:03:38

Health: -1/27      AC:  4    Str: 17    XL:     4   Next: 36%
Magic:  5/5        EV: 13    Int:  8    God:
Gold:   197        SH:  0    Dex: 15    Spells: 3/3 levels left

rFire   . . .      SeeInvis .      - Unarmed
rCold   . . .      Faith    .    (no shield)
rNeg    . . .      Spirit   .    a - +0 leather armour
rPois   .          Reflect  .    b - +0 hat
rElec   .          Rampage  .    r - +0 cloak
rCorr   .                        (no gloves)
Will    +....                    (boots unavailable)
Stlth   +                        (no amulet)
HPRegen 0.24/turn                l - ring of willpower
MPRegen 0.09/turn                (no ring)

@: no status effects
A: beak, talons 3
a: no special abilities


You were on level 3 of the Dungeon.
You visited 1 branch of the dungeon, and saw 3 of its levels.

You collected 197 gold pieces.

Inventory:

Missiles
 c - 4 throwing nets (quivered)
 d - a javelin
Armour
 a - a +0 leather armour (worn)
 b - a +0 hat (worn)
 r - a +0 cloak (worn)
Jewellery
 l - a ring of willpower (left hand)
Scrolls
 e - a scroll of poison
 g - 2 scrolls of identify {unknown}
 h - 2 scrolls of silence
 j - a scroll of teleportation {unknown}
 k - a scroll of butterflies {unknown}
 m - a scroll of enchant weapon {unknown}
 q - a scroll of magic mapping {unknown}
 s - a scroll of immolation {unknown}
Potions
 f - a potion of invisibility {unknown}
 i - a potion of degeneration {unknown}
 n - a potion of heal wounds {unknown}
 o - a potion of brilliance {unknown}
 p - a potion of curing {unknown}
 t - a potion of mutation {unknown}


   Skills:
 + Level 2.9 Fighting
 - Level 2.1 Throwing
 + Level 4.1 Dodging
 + Level 4.1 Unarmed Combat


You had 3 spell levels left.
You didn't know any spells.
Your spell library contained the following spells:

 Spells                   Type           Power      Damage    Failure   Level
 Magic Dart               Conj           0%         1d3       47%         1
 Call Imp                 Summ           0%         N/A       63%         2
 Ignite Poison            Fire/Tmut/Pois 0%         N/A       85%         3
 Inner Flame              Hex/Fire       0%         N/A       85%         3
 Kindle Blastsparks       Fire/Tloc/Air  0%         2d10      85%         3
 Mephitic Cloud           Conj/Pois/Air  0%         N/A       85%         3
 Cause Fear               Hex            0%         N/A       99%         4
 Freezing Cloud           Conj/Ice/Air   0%         6-21      100%        5
 Discord                  Hex            0%         N/A       100%        8


Dungeon Overview and Level Annotations

Branches:
Dungeon (3/15)

Altars:
Hepliaklqana

Annotations:
D:3 Crazy Yiuf


Innate Abilities, Weirdness & Mutations

You have a beak for a mouth.
You have claws for feet.


Message History

The goblin unwields a +0 shortbow.
The goblin wields a +0 hand axe.
The goblin barely misses you.
You hit the goblin.
The goblin is heavily wounded.
The goblin hits you with a +0 hand axe.
You completely miss the goblin. Your peck misses the goblin.
The goblin is heavily wounded.
You barely miss the goblin. You claw the goblin.
You kill the goblin!
You barely miss the goblin. You claw the goblin. You peck the goblin.
You kill the goblin!
No target in view!
No target in view!
You now have 197 gold pieces (gained 10).
You see here a +0 club.
g - 2 scrolls labelled NID RUPROIRAEL (gained 1)
Things that are here:
a +0 hand axe; a +0 shortbow; a goblin corpse
Things that are here:
a +0 hand axe; a +0 shortbow; a goblin corpse
There is a stone staircase leading down here.
Key pressed, stopping explore.
Things that are here:
a +0 club; a +0 hand axe Crazy Yiuf shouts!
Unknown command.
You open the door.
Unknown command.
You hit Crazy Yiuf but do no damage. You claw Crazy Yiuf.
Crazy Yiuf is lightly wounded.
Crazy Yiuf hits you with a +4 quarterstaff of chaos!
You are electrocuted!
Ouch! That really hurt!
* * * LOW HITPOINT WARNING * * *
You hit Crazy Yiuf. Your kick misses Crazy Yiuf. You punch Crazy Yiuf.
Crazy Yiuf is heavily wounded.
You hit Crazy Yiuf. You claw Crazy Yiuf.
Crazy Yiuf is severely wounded.
Crazy Yiuf hits you with a +4 quarterstaff of chaos.
You die...

## #. #. #. #.
######## ####. ###
###.#....## #.)..
#...##..#..P...###.###
#...g@####.P........##
#)..### ##P.......['.
### ####......##
#......# #......#
#####......#
#..........#
#..........#
#..........#


You could see Crazy Yiuf.

Vanquished Creatures
  2 dart slugs (D:1)
  3 orcs (D:3)
  9 ball pythons
  3 bats
  2 endoplasms (D:2)
  2 giant cockroaches (D:1)
  16 goblins
  3 hobgoblins
  3 jackals (D:3)
  4 quokkas
  3 frilled lizards
  4 kobolds
  10 rats
64 creatures vanquished.

Notes
Turn   | Place    | Note
-------+----------+-------------------------------------------
     0 | D:1      | Zonian the Tengu Gladiator began the quest for the Orb.
     0 | D:1      | Reached XP level 1. HP: 12/12 MP: 2/2
   196 | D:1      | Reached XP level 2. HP: 12/17 MP: 3/3
   396 | D:1      | Found a faded altar of an unknown god.
   555 | D:1      | Reached XP level 3. HP: 22/22 MP: 4/4
  1387 | D:3      | Reached XP level 4. HP: 21/27 MP: 5/5
  1627 | D:3      | Found a runed translucent door.
  1628 | D:3      | Noticed Crazy Yiuf
  1682 | D:3      | Found a hazy altar of Hepliaklqana.
  2387 | D:3      | Slain by Crazy Yiuf

Illustrated notes

Levels and vault maps discovered:
D:1:      scummos_arrival_gate, layout_loops_cross,
          dreamdust_ecumenical_altar_statues, dreamdust_wishing_well,
          minivault_14, hangedman_abyss_or_decor_lesser_grid,
          corexii_hall_statues_t, minmay_misc_feat_enclosed
D:2:      layout_rooms, minmay_crystal_room, amethyst_killhole,
          minmay_misc_feat_diagonals, kennysheep_doodads
D:3:      layout_basic, mainiacjoe_overflow_brackets, uniq_crazy_yiuf_cottage

Skill      XL: |  1  2  3 |
---------------+----------+-----
Unarmed Combat | 4 |  4.1
Dodging        | 4 |  4.1
Fighting       | |  2.9
Throwing       | |  2.1

Action                     |  1- 3 |  4- 6 || total
---------------------------+-------+-------++-------
  Melee: Unarmed           |   110 |    48 ||   158
         Peck              |    11 |     6 ||    17
         Kick              |    24 |    11 ||    35
         Punch             |       |     1 ||     1
    Use: Scroll            |       |     2 ||     2
 Armour: Leather armour    |    21 |     7 ||    28
  Dodge: Dodged            |    57 |    25 ||    82

Table legend: (Time is in decaauts)
 A = Elapsed time spent in this place.
 B = Non-inter-level travel time spent in this place.
 C = Inter-level travel time spent in this place.
 D = Time resting spent in this place.
 E = Time spent auto-exploring this place.
 F = Levels seen in this place.
 G = Mean time per level.
                   A        B        C        D        E       F      G
               +--------+--------+--------+--------+--------+-----+--------+
         Total |   2374 |   2353 |     21 |    319 |   1593 |   3 |  791.3 |
       Dungeon |   2374 |   2353 |     21 |    319 |   1593 |   3 |  791.3 |
               +--------+--------+--------+--------+--------+-----+--------+

Top non-repeatable levels by time:
     D:3: 1008 daAuts
     D:1: 912 daAuts
     D:2: 454 daAuts
